[Event "CCT Airthings Masters Play-In 2023"]
[Site "Online"]
[Date "2023.02.03"]
[Round "3"]
[White "dropstoneDP"]
[Black "Sankalp_Gupta"]
[Result "0-1"]
[ECO "C09"]
[WhiteElo "2558"]
[BlackElo "2415"]
[Annotator "TA"]
[PlyCount "162"]
[EventDate "2023.02.03"]
[EventType "swiss"]
[EventCountry "NET"]
[SourceTitle "playchess.com"]
[Source "ChessBase"]
[SourceQuality "1"]
[TimeControl "600+2"]

1. e4 e6 2. d4 d5 3. Nd2 c5 4. Ngf3 Nc6 5. exd5 exd5 6. Bb5 cxd4 7. O-O Bd6 8. Nb3 Nge7 9. Nbxd4 O-O 10. h3 {[%emt 0:00:07] is cutting edge theory.} Nxd4 {[%emt 0:00:02] C09: French Tarrasch: 3...c5 4 exd5 exd5 5 Ngf3 Nc6.} 11. Nxd4 Bc7 12. Re1 Qd6 {[%emt 0:00:07] [#] The position is equal.} 13. g3 $146 ({Predecessor:} 13. Nf3 Ng6 14. Bd3 Bd7 15. Be3 Rae8 16. Qd2 d4 17. Bxd4 Nh4 18. Ne5 f6 19. Bc4+ {0-1 Jumabayev,R (2620)-Munkhgal,G (2463) Titled Tuesday intern op 22nd Nov Early blitz 2022 (10)}) 13... Bxh3 14. Qh5 (14. Bf4 $5 Qc5 15. Bxc7 (15. b4 Qb6 $11) 15... Qxc7 16. Qh5 $11) 14... Bb6 15. Bf4 Qf6 {[%emt 0:00:08] Some like it hot} 16. Be5 ({Much worse is} 16. Bd3 g6 17. Qxh3 Bxd4 $11) 16... Qh6 17. Qxh6 gxh6 18. Kh2 Bg4 19. f3 Ng6 20. fxg4 (20. Bd6 {feels hotter.} Rfc8 21. c3 Bxd4 22. fxg4 Bc5 23. Bf4) 20... Nxe5 {[%emt 0:00:04][%mdl 64] Remove Defender} 21. Rxe5 {[%emt 0:00:00] Nf5 is the strong threat.} Bxd4 22. Rxd5 Bxb2 23. Rb1 Bc3 24. Rd7 a6 25. Bc4 b5 26. Bb3 Rad8 27. Rbd1 Bf6 28. Kg2 a5 29. Rxd8 Bxd8 $11 {[%emt 0:00:11][%mdl 4096] Endgame KRB-KRB} 30. Rd7 Kg7 31. Rb7 b4 32. Kf3 Kf6 33. Ra7 Kg6 34. Bc4 Kg7 35. Rb7 Bg5 36. Ra7 Rc8 37. Bb3 Rc3+ 38. Kg2 Bd8 39. Rxf7+ Kg6 40. Rf3 Rc7 41. Rf8 Rd7 42. Rg8+ Kf6 43. Rf8+ Kg7 44. Rf5 Rd2+ 45. Kf3 Bb6 46. Rb5 Bd8 47. Rb7+ Kg6 48. Bc4 Kf6 49. Bd3 Ke5 50. Rxh7 (50. Rb8 $5 Bc7 51. Rb5+ Kd4 52. Rb7 $14) 50... Bb6 51. g5 hxg5 52. Kg4 Kd4 53. Rh6 Kc5 54. Kxg5 a4 55. Bf5 Bd8+ 56. Kg4 Kc4 57. Rc6+ Kb5 58. Rc8 {[%emt 0:00:02] aiming for Bd3+.} a3 $2 (58... Kb6 $14) 59. Kf3 $2 (59. Bd3+ $18 Rxd3 60. cxd3) 59... Kb6 60. g4 Bg5 {[%emt 0:00:04] [#]} (60... Bc7 $14) 61. Rb8+ $1 $16 Kc5 62. Bd3 {[%emt 0:00:00] Threatens to win with Rb5+.} Be7 63. Ke4 (63. Rb7 $142 Bd6 64. g5) 63... Rg2 {[%emt 0:00:02] [#]} (63... Kc6 $142) 64. Rb5+ (64. Kf5 $142 $1) 64... Kc6 65. Kf5 {[%emt 0:00:03] And now Be4+ would win.} Rg3 {[%emt 0:00:15][%cal Og3d3] Strongly threatening ...Rxd3!} 66. Kf4 $2 {[%emt 0:00:01][%mdl 8192] [#]} (66. Re5 $16 Kd6 67. Re6+ Kd7 68. Ra6) 66... Rxd3 $1 $19 {[%emt 0:00:18][%mdl 576] Remove Defender, Promotion} 67. Rxb4 Bxb4 $2 (67... Rc3 68. Rb1 Rxc2) 68. cxd3 {[%emt 0:00:01] KB-K3P} Kd5 {[%emt 0:00:04] ( -> ...Kd4)} 69. Ke3 Bc5+ 70. Kd2 Ke5 71. g5 Kf5 72. d4 Bd6 (72... Bxd4 $2 {too greedy.} 73. Ke2 $19) 73. d5 Kxg5 {[%emt 0:00:01] KB-KPP} 74. Kd3 Kf5 75. Kc2 Ke5 76. Kd3 Kxd5 77. Kc2 Kc4 78. Kb1 Kc3 79. Ka1 Be5 80. Kb1 Bf6 81. Ka1 $2 (81. Kc1 $19) 81... Kc2# {[%emt 0:00:01] What a bad dream for White.   Weighted Error Value: White=0.13 (very precise) /Black=0.23 (precise)} 0-1

[Event "CCT Airthings Masters Play-In 2023"]
[Site "Online"]
[Date "2023.02.03"]
[Round "3"]
[White "attack2mateU"]
[Black "Iskusnyh, Sergei"]
[Result "1-0"]
[ECO "C11"]
[WhiteElo "2556"]
[BlackElo "2443"]
[Annotator "TA"]
[PlyCount "59"]
[EventDate "2023.02.03"]
[EventType "swiss"]
[EventCountry "NET"]
[SourceTitle "playchess.com"]
[Source "ChessBase"]
[SourceQuality "1"]
[TimeControl "600+2"]

1. e4 e6 2. d4 d5 3. Nc3 Nf6 4. e5 Nfd7 5. f4 c5 6. Nf3 Be7 {[%emt 0:00:04] C11: French: Classical System: 4 e5 and 4 Bg5 dxe4.} 7. Be3 O-O 8. a3 {[%emt 0:00:25] [#]} a6 $146 {[%emt 0:00:17] The position is equal.} ({Predecessor:} 8... b6 9. g3 Nc6 10. Qd2 Bb7 11. h4 Rc8 12. Bh3 cxd4 13. Nxd4 Bc5 14. Nxc6 Bxc6 {0-1 Nomin Erdene,D (2448)-Buhmann,R (2651) Wunsiedel op 10th 2016 (4)}) 9. dxc5 Nxc5 10. b4 Ncd7 {[%emt 0:02:36][%cal Bc5d7,Bd7b6,Bb6a4,Ba4c3][%mdl 32] Black is weak on the dark squares} ({But not} 10... Ne4 11. Nxe4 dxe4 12. Qxd8 Rxd8 13. Nd2 $16) 11. Ne2 f6 ({Better is} 11... a5 $11) 12. Ned4 $36 {[%emt 0:00:05][%mdl 2048] White is more active.} Nb6 $1 ({Weaker is} 12... Qb6 13. c4 $16) 13. Bd3 Nc6 14. Nxc6 bxc6 15. O-O f5 16. Qe2 Na4 {[%emt 0:00:09] [#]} 17. c4 $1 Nc3 18. Qc2 dxc4 19. Bxc4 Nd5 20. Bxd5 cxd5 21. Rfc1 {[%emt 0:00:34] White is much more active. The black rooks are badly placed.} Bd7 22. Qc7 Rc8 (22... Rf7 $14) 23. Qb7 $16 Bb5 $2 {[%emt 0:00:13][%mdl 8192] Loses the game.} (23... a5 $16 {is more resistant.} 24. bxa5 Rb8) 24. Rxc8 $18 {[%emt 0:00:13][%mdl 64] [#] Deflection} Qxc8 25. Qxe7 Qc3 26. Re1 d4 (26... Re8 $142 27. Qa7 Qxa3) 27. Qxe6+ Kh8 28. Bxd4 Qd3 29. Qd6 Rc8 30. e6 {[%emt 0:00:04] Weighted Error Value: White=0.24 (precise) /Black=0.81} 1-0

[Event "CCT Airthings Masters Play-In 2023"]
[Site "Online"]
[Date "2023.02.03"]
[Round "3"]
[White "rpragchess"]
[Black "GGuseinov"]
[Result "1/2-1/2"]
[ECO "B22"]
[WhiteElo "2556"]
[BlackElo "2640"]
[Annotator "TA"]
[PlyCount "40"]
[EventDate "2023.02.03"]
[EventType "swiss"]
[EventCountry "NET"]
[SourceTitle "playchess.com"]
[Source "ChessBase"]
[SourceQuality "1"]
[TimeControl "600+2"]

1. e4 c5 2. Nf3 g6 3. c3 d5 4. e5 Nc6 5. d4 cxd4 6. cxd4 Bg4 {[%emt 0:00:01] B22: Sicilian: 2 c3.} 7. Bb5 Rc8 {[%emt 0:00:05] Black is weak on the dark squares} 8. O-O Nh6 9. Nbd2 Qb6 {[%emt 0:00:04] [#]} 10. Ba4 $146 ({Predecessor:} 10. Bxc6+ Qxc6 11. b3 Qc2 12. Qxc2 Rxc2 13. Ba3 Nf5 14. h3 Bxf3 15. Nxf3 e6 16. Rac1 Rxc1 17. Rxc1 {½-½ Mokshanov,A (2415)-Zakhartsov,V (2472) Moscow op-F 14th 2018 (8)}) 10... Bg7 11. h3 Bxf3 12. Nxf3 O-O 13. Re1 Nf5 14. Bxc6 $1 Qxc6 15. Re2 (15. g4 $16 Nh6 16. Qb3) 15... f6 16. Bf4 g5 17. Bd2 h5 18. exf6 ({Better is} 18. Rc1 $14 Qd7 19. Rxc8 Rxc8 20. Re1) 18... exf6 $11 {[%emt 0:00:06] The position is equal.} 19. Bb4 {[%emt 0:00:02] [#] Strongly threatening Qd3.} Rfe8 20. Rxe8+ Qxe8 {[%emt 0:00:21] Weighted Error Value: White=0.15 (very precise) /Black=0.12 (very precise)} 1/2-1/2

[Event "CCT Airthings Masters Play-In 2023"]
[Site "Online"]
[Date "2023.02.03"]
[Round "3"]
[White "Murzin, Volodar"]
[Black "TigrVShlyape"]
[Result "1/2-1/2"]
[ECO "B13"]
[WhiteElo "2547"]
[BlackElo "2596"]
[Annotator "TA"]
[PlyCount "68"]
[EventDate "2023.02.03"]
[EventType "swiss"]
[EventCountry "NET"]
[SourceTitle "playchess.com"]
[Source "ChessBase"]
[SourceQuality "1"]
[TimeControl "600+2"]

1. e4 c6 2. d4 d5 3. exd5 cxd5 4. Bd3 Nc6 5. c3 Nf6 6. Bf4 Bg4 7. Qb3 Qc8 8. Nd2 e6 9. Ngf3 Be7 10. O-O O-O 11. Qc2 Bh5 12. Ne5 Bg6 13. Nxg6 {[%emt 0:00:01] B13: Caro-Kann: Exchange Variation and Panov-Botvinnik Attack.} hxg6 14. Nf3 Nh5 15. Bg3 {[%emt 0:00:18] White is slightly better.} a6 16. a4 Nxg3 {[%emt 0:00:17] [#]} 17. hxg3 $146 ({Predecessor:} 17. fxg3 Rb8 18. Qe2 Qd7 19. b4 Rbc8 20. b5 Na5 21. Ne5 Qd6 22. Nxg6 fxg6 23. Bxg6 {1-0 Carlile,O-Curtin,E IRL-ch Cork 1977 (9)}) 17... Qc7 18. Qe2 Bf6 19. g4 g5 20. g3 g6 21. Kg2 Kg7 22. Qe3 e5 23. Nxg5 (23. dxe5 {simplifies} Nxe5 24. Nxe5 Qxe5 25. Qxe5 Bxe5 26. Rfd1) 23... exd4 24. cxd4 Rfe8 25. Qd2 Nxd4 {[%emt 0:00:12] [#] Hoping for ...Nb3.} 26. Ra3 {[%emt 0:01:19] Prevents Nb3} (26. Rh1 $11 Rh8 27. Rae1 (27. Rac1 Qe5 $17)) 26... Qd7 27. Rh1 Rh8 {[%emt 0:00:08] Against Rh7+} 28. Rxh8 ({Don't go for} 28. Qf4 $2 Rxh1 29. Kxh1 Re8 $17) 28... Rxh8 29. Qf4 Ne6 ({Better is} 29... Re8 $15 30. Nf3 Nxf3 31. Qxf3 Bxb2) 30. Nxe6+ $11 {[%emt 0:00:05] The position is equal.} Qxe6 ({Don't do} 30... fxe6 31. g5 Bxb2 32. Rb3 $16) 31. Ra1 Qe5 32. Qxe5 Bxe5 33. Rb1 g5 34. Bf5 (34. Re1 $5 Kf6 35. f4 $11) 34... Re8 {[%emt 0:00:38] Weighted Error Value: White=0.10 (very precise) /Black=0.11 (very precise)} 1/2-1/2

[Event "CCT Airthings Masters Play-In 2023"]
[Site "Online"]
[Date "2023.02.03"]
[Round "3"]
[White "Arseniy_Nesterov"]
[Black "aquarium76"]
[Result "0-1"]
[ECO "E73"]
[WhiteElo "2545"]
[BlackElo "2302"]
[Annotator "NA"]
[PlyCount "98"]
[EventDate "2023.02.03"]
[EventType "swiss"]
[EventCountry "NET"]
[SourceTitle "playchess.com"]
[Source "ChessBase"]
[SourceQuality "1"]
[TimeControl "600+2"]

1. d4 Nf6 2. c4 g6 3. Nc3 Bg7 4. e4 d6 5. Be2 O-O 6. Be3 Nc6 7. Nf3 Ng4 8. Bg5 h6 9. Bh4 g5 10. Bg3 e5 11. d5 Nd4 12. Nxd4 exd4 13. Nb5 Nf6 14. f3 Nh5 15. Bf2 Nf4 16. O-O c5 17. dxc6 bxc6 18. Nxd4 c5 19. Nb5 Bxb2 20. Rb1 Be5 21. Rb3 Qd7 22. Bg3 Rb8 23. Bxf4 gxf4 24. Rd3 Rb6 25. Qd2 Qe7 26. Rd1 Rd8 27. Rd5 Rd7 28. Qa5 Ra6 29. Qd2 Qf6 30. Bf1 Rc6 31. Rd3 Rb6 32. Qa5 Ra6 33. Qd2 Bb7 34. Rb3 Bc6 35. Kh1 Kh7 36. Nc3 Rb6 37. Nd5 Bxd5 38. exd5 Rdb7 39. Bd3+ Kg7 40. Rdb1 Bd4 41. Bc2 Rxb3 42. axb3 Re7 43. Qd3 Re3 44. Qh7+ Kf8 45. h3 Qh4 46. Rf1 Re1 47. Bd3 Rxf1+ 48. Bxf1 Qf2 49. Qxh6+ Ke8 0-1

[Event "CCT Airthings Masters Play-In 2023"]
[Site "Online"]
[Date "2023.02.03"]
[Round "3"]
[White "Lazavik, Denis"]
[Black "Antipov_Mikhail_Al"]
[Result "1-0"]
[ECO "E05"]
[WhiteElo "2541"]
[BlackElo "2581"]
[Annotator "TA"]
[PlyCount "181"]
[EventDate "2023.02.03"]
[EventType "swiss"]
[EventCountry "NET"]
[SourceTitle "playchess.com"]
[Source "ChessBase"]
[SourceQuality "1"]
[TimeControl "600+2"]

1. d4 Nf6 2. c4 e6 3. Nf3 d5 4. g3 Be7 5. Bg2 O-O 6. O-O dxc4 7. Qc2 a6 8. a4 Bd7 9. Qxc4 Bc6 10. Bg5 Nbd7 {[%emt 0:00:18] E05: Open Catalan: 5 Nf3 Be7.} 11. Rd1 h6 12. Bxf6 Nxf6 {[%emt 0:00:00] The position is equal.} 13. Nbd2 {[%emt 0:00:00] [#]} Qb8 $146 ({Predecessor:} 13... a5 14. Qd3 Bb4 15. e4 Bxd2 16. Nxd2 Qe7 17. Nc4 Rfd8 18. Ne5 Be8 19. Qc3 b6 {1-0 Ding,L (2811)-Grischuk,A (2745) Speed Chess Chess.com INT blitz 2022 (1.22)}) 14. Ne5 Bxg2 15. Kxg2 c5 16. Ndf3 cxd4 17. Qxd4 Rd8 18. Qc4 Rc8 19. Qb3 Rc7 20. Rac1 Nd5 21. Nd3 Rxc1 22. Rxc1 b5 23. axb5 Qxb5 24. Qxb5 axb5 25. Nd4 b4 26. Nc6 Bf8 27. e4 Nf6 28. f3 (28. Ndxb4 Nxe4 29. Nd3 Nf6 $11) 28... g5 29. Ndxb4 {[%emt 0:00:28] White is more active.} g4 30. Nd3 gxf3+ 31. Kxf3 Ra4 32. Re1 h5 33. h3 Rc4 34. Nce5 Rc2 (34... Ra4 $16) 35. Ra1 (35. Rc1 $1 $18 Rxc1 36. Nxc1) 35... Rd2 36. Ra8 Kg7 (36... Nh7 $16) 37. Ra7 $18 Kg8 38. b4 (38. Rxf7 Rxd3+ 39. Nxd3 Kxf7 $17) 38... Ne8 (38... Nh7 {was worth a try.} 39. Ke3 (39. Rxf7 Rxd3+ 40. Nxd3 Kxf7 $17) 39... Bh6+ 40. Nf4 Rg2 41. Ra8+ (41. Nxf7 Rxg3+ 42. Kf2 Bxf4 $11) 41... Nf8) 39. Ra8 (39. Rxf7 Rxd3+ 40. Nxd3 Kxf7 $15) 39... Nd6 40. Ke3 Rd1 (40... Rg2 41. Kf3 Rd2) 41. Ke2 Rg1 42. Nd7 Nxe4 43. Rxf8+ Kg7 44. N3e5 Nd6 45. Kf2 Rb1 46. Rb8 Rb3 47. Nc5 {[%emt 0:00:04] Against Ne4+} Rc3 48. Rd8 Nf5 49. Rd7 Kg8 50. Nxf7 Nxg3 51. Ng5 Kf8 52. Ncxe6+ Ke8 53. Rc7 Rb3 54. Ng7+ Kf8 55. N5e6+ (55. Nh7+ $142 Kg8 56. Nf6+ Kh8 57. Nge8 Ne4+ {[%mdl 64] Discovered Attack} 58. Ke2 Rb2+ 59. Ke3 Ng5 60. Rg7) 55... Kg8 56. Ne8 Ne4+ 57. Ke2 {[%emt 0:00:01] Strongly threatening Rg7+.} Rxh3 58. Rg7+ Kh8 59. Rf7 (59. Nf4 $142 Rg3 60. Ng6+ Rxg6 61. Rxg6 Nc3+ 62. Kd2 Nb1+ 63. Kd3 Kh7 64. Rg7+ Kh6 65. b5) 59... Rb3 60. Rf4 $2 (60. Nf4 $18 {Intending Ng6+ and mate.} Kg8 61. Re7) 60... Rxb4 $16 61. Ke3 Ra4 $2 (61... Nc3 $16) 62. N8c7 $2 (62. Rxe4 Rxe4+ 63. Kxe4 h4 $11) (62. Ng5 $18 {[%cal Rf4f8] has better winning chances.} Ra3+ 63. Kxe4 Ra4+ 64. Kf5 Rxf4+ 65. Kxf4) 62... h4 $2 {[%emt 0:00:02][%mdl 8192] [#]} 63. Rxh4+ $2 (63. Rxe4 Rxe4+ 64. Kxe4 h3 $11) (63. Nd5 $1 $18 {and the rest is easy.} h3 64. Rh4+ (64. Rxe4 $2 {loses.} Rxe4+ 65. Kxe4 h2 $19) 64... Kg8 65. Rg4+ (65. Rxe4 $2 {is the wrong capture.} Rxe4+ 66. Kxe4 h2 $19) 65... Kf7 66. Ng5+ (66. Rxe4 $2 Rxe4+ 67. Kxe4 h2 $19) 66... Nxg5 67. Rxa4) 63... Kg8 64. Rf4 {[%emt 0:00:01][%cal Oc7d5] aiming for Nd5!} ({Stronger than} 64. Rxe4 Rxe4+ 65. Kxe4 Kh8 $11) 64... Nc3 {[%emt 0:00:03][%cal Oc3d5] Repels Nd5} 65. Rf8+ Kh7 66. Kd3 Nd1 $2 (66... Ra3 $16) 67. Rf1 $2 (67. Nd5 $18 {is the precise move to win.}) 67... Nb2+ $2 (67... Ra3+ $16 68. Kd4 Ra4+ 69. Ke5 Ne3) 68. Kc3 Nc4 69. Rh1+ Kg6 70. Nd5 $2 (70. Rg1+ {mates} Kf5 71. Nc5 Nb2 72. Kxb2 Rc4 73. N7e6 Rg4 74. Rf1+ Ke5 75. Kc3) 70... Ne5 71. Rg1+ Kf7 72. Ng5+ Kf8 $2 {[%emt 0:00:04][%mdl 8192] [#]} (72... Kg6 $16) 73. Rf1+ $1 {[%emt 0:00:01] White mates.} Kg7 74. Ne6+ Kg6 75. Ne7+ Kh5 76. Rf5+ Kg4 77. Rxe5 Ra3+ 78. Kb4 Ra1 79. Nd5 Rb1+ 80. Kc5 Rc1+ 81. Kd6 Ra1 82. Rg5+ Kf3 83. Rg8 Ra6+ 84. Ke5 Ra1 85. Nd4+ Kf2 86. Rf8+ Kg2 87. Ne3+ Kh2 88. Ke4 Ra7 89. Rh8+ Kg3 90. Rg8+ Kh3 91. Kf3 {[%emt 0:00:04] Weighted Error Value: White=0.09 (flawless) /Black=0.44} 1-0

[Event "CCT Airthings Masters Play-In 2023"]
[Site "Online"]
[Date "2023.02.03"]
[Round "3"]
[White "chessintuit"]
[Black "hissha"]
[Result "1-0"]
[ECO "C42"]
[WhiteElo "2536"]
[BlackElo "2288"]
[Annotator "TA"]
[PlyCount "89"]
[EventDate "2023.02.03"]
[EventType "swiss"]
[EventCountry "NET"]
[SourceTitle "playchess.com"]
[Source "ChessBase"]
[SourceQuality "1"]
[TimeControl "600+2"]

1. e4 e5 2. Nf3 Nf6 3. Nc3 Bb4 4. Nxe5 O-O 5. Nf3 Re8 6. Be2 Nxe4 7. Nxe4 Rxe4 8. O-O {[%emt 0:00:00] C42: Petroff Defence: 3 Nxe5 and unusual White 3rd moves.} d5 9. d4 Re8 10. Bd3 {[%emt 0:00:12] White is slightly better.} (10. c3 $5 Bd6 11. Bd3 $11) 10... h6 {[%emt 0:00:19] [#]} 11. h3 $146 ({Predecessor:} 11. Bf4 Nc6 12. c3 Bd6 13. Qd2 Qf6 14. Bxd6 Qxd6 15. Rfe1 Bg4 16. Rxe8+ Rxe8 17. Re1 Rxe1+ 18. Nxe1 {0-1 Paldus,P (1984)-Richterova,N (1801) Novy Bor op 3rd 2012 (4)}) 11... Nd7 12. Bf4 Nf8 13. Ne5 Bd6 14. Qf3 {[%emt 0:00:21][%cal Oe5f7] aiming for Nxf7!} Be6 (14... Qf6 $11) 15. Rfe1 c6 16. Qg3 Qf6 17. Bd2 Rad8 18. c3 Kh8 (18... Ng6 {looks sharper.} 19. Ng4 Bxg4 20. Qxg4 Nf4) 19. f4 (19. Rad1 {keeps more tension.} Kg8 20. Ng4 Bxg4 21. Qxg4 Re6 22. Rxe6 Qxe6 23. Re1) 19... Bf5 20. Rf1 Bxd3 21. Qxd3 Kg8 22. Rae1 Bxe5 (22... Rc8 $11) 23. fxe5 (23. dxe5 $16 Qh4 24. Be3) 23... Qg6 $11 24. Qe3 Ne6 25. Rf3 Ng5 26. Rg3 {[%emt 0:00:02] Threatens to win with h4.} Qh7 (26... Qe6 $11) 27. Rg4 (27. Qf2 $14) 27... Re6 28. Rf1 Rde8 29. Qf4 (29. Qf2 $14 f5 30. Qxf5) 29... Rf8 (29... f6 $11) 30. Qf5 $2 (30. c4 $14 {stays ahead.} f6 31. h4) 30... Qxf5 $19 31. Rxf5 Ne4 32. Be3 Rg6 (32... g5 $17 {And now ...Kg7 would win.} 33. h4 f6 34. hxg5 fxg5) 33. Rff4 (33. Rxg6 $11 fxg6 34. Rf1) 33... Rxg4 $17 34. Rxg4 {[%emt 0:00:00][%mdl 4096] Endgame KRB-KRN} Kh7 ({Black should play} 34... g5 $17 {...Kg7 would be deadly.} 35. h4 f5 36. exf6 Rxf6 37. hxg5 hxg5 38. Bxg5 Rg6 39. Rxe4 dxe4) 35. Kf1 $2 (35. Rf4 $15) 35... Re8 $2 (35... g5 $19 36. Ke2 Kg6 37. Rxe4 dxe4) 36. Ke2 $2 {[%emt 0:00:12] [#]} (36. Rf4 $11 {and White stays safe.} Re7 37. Ke2) 36... f5 $2 ({Black should try} 36... g5 $1 $19 {...Kg6 is the strong threat.} 37. h4 f5 38. exf6 Kg6) 37. Rf4 $15 g5 38. Rf3 {[%emt 0:00:02] Dodges Ng3+} f4 (38... a5 $17) 39. Bc1 (39. Bf2 $1 $11) 39... Kg6 40. b3 Kf5 41. Kd3 h5 (41... Ke6 $17) 42. Rf1 (42. h4 $1 $11) 42... Ng3 43. Rf2 Ne4 (43... h4 $17) 44. Rf3 (44. Rf1 $11 {was the only way to keep the balance.}) 44... Ng3 $2 {[%emt 0:00:05] [#]} (44... h4 $17 {keeps the pressure on.}) 45. h4 $1 {[%emt 0:00:03][%mdl 512] Weighted Error Value: White=0.52/Black=0.51} 1-0

[Event "CCT Airthings Masters Play-In 2023"]
[Site "Online"]
[Date "2023.02.03"]
[Round "3"]
[White "alexrustemov"]
[Black "DJ_Haubi"]
[Result "1-0"]
[ECO "A88"]
[WhiteElo "2530"]
[BlackElo "2257"]
[Annotator "TA"]
[PlyCount "111"]
[EventDate "2023.02.03"]
[EventType "swiss"]
[EventCountry "NET"]
[SourceTitle "playchess.com"]
[Source "ChessBase"]
[SourceQuality "1"]
[TimeControl "600+2"]

1. d4 g6 2. c4 Bg7 3. Nf3 f5 4. g3 Nf6 5. Bg2 O-O 6. O-O c6 7. Nc3 d6 8. Qc2 Qc7 9. e4 e5 {[%emt 0:00:08] A88: Dutch Defence: Leningrad System: 5 Nf3 0-0 6 0-0 d6 7 Nc3 c6.} 10. dxe5 (10. c5 $16 {Strongly threatening cxd6.} dxc5 11. dxe5 Nxe4 12. Nxe4 fxe4 13. Qxe4) 10... dxe5 $11 11. exf5 Bxf5 {[%emt 0:00:12] The position is equal.} 12. Qe2 Nbd7 13. h3 {[%emt 0:00:47] [#]} Kh8 $146 (13... Nc5 $11) ({Predecessor:} 13... Nc5 14. Qe3 {½-½ Gual Pascual,A (2400)-Mellado Trivino,J (2451) ESP-ch op-A Cala Mendia 2001 (8)}) 14. Be3 Rae8 15. g4 Be6 (15... e4 $14 16. Nd2 Be6) 16. Ng5 $16 (16. Bxa7 $2 b6 17. Ng5 Bg8 18. Bxb6 Qxb6 $19) 16... Bg8 17. Nge4 {[%emt 0:00:11] White is much more active.} (17. Bxa7 $2 b6 18. Bxb6 Qxb6 $19) 17... Nxe4 18. Nxe4 (18. Bxe4 $6 Qa5 $11) 18... Nf6 19. Rad1 (19. Bxa7 $2 {perishes.} Nxe4 20. Qxe4 (20. Bxe4 $2 b6 $19) 20... b6 21. Bxb6 Qxb6 $19) (19. Bc5 $16) 19... Nxe4 $14 20. Bxe4 b6 (20... a6 $14 {should be considered.}) 21. b3 $16 Rd8 22. Bg5 Rd4 23. f3 Bf6 24. Be3 Rdd8 25. Rxd8 Rxd8 26. Rd1 Rxd1+ 27. Qxd1 Be6 28. c5 Be7 29. cxb6 axb6 30. Qd3 b5 {[%emt 0:00:24] [#]} (30... c5 $11) 31. Qc3 ({White should try} 31. Kg2 $1 $16) 31... Bd7 $2 {[%emt 0:00:07] This costs Black the game.} (31... c5 $11 {and Black stays safe.}) 32. a4 $18 bxa4 33. bxa4 {[%emt 0:00:00] And now a5 would win.} c5 34. a5 Bb5 35. f4 Bd6 (35... Kg7 $142 36. fxe5 (36. Qxe5+ Qxe5 37. fxe5 Bc4 $16) 36... Qd8) 36. fxe5 {[%emt 0:00:04][%mdl 64] Deflection} Bxe5 (36... Qg7 37. Bb7 (37. Bxc5 Bxe5 38. Qe3 Bc7 $18) 37... Qxb7) 37. Qxc5 Qxc5 38. Bxc5 {[%emt 0:00:02][%mdl 4096] Endgame KBB-KBB} Bc3 39. Bb6 Kg7 40. Bb7 Kf6 41. a6 Bxa6 42. Bxa6 Bd2 43. Kg2 h5 44. Kf3 {[%emt 0:00:11] White mates.} Kg5 45. Bd8+ Kh6 46. Ke4 Bc1 47. Be2 Bd2 48. Ke5 Bg5 49. Bb6 Bc1 50. Kf6 Bd2 51. Bf2 Bc1 52. Bh4 Bb2+ 53. Kf7 Bc1 54. Bf6 Bd2 {[%emt 0:00:10] [#]} 55. g5+ $1 Bxg5 56. Bg7+ {[%emt 0:00:02] Weighted Error Value: White=0.13 (very precise) /Black=0.57} 1-0

[Event "CCT Airthings Masters Play-In 2023"]
[Site "Online"]
[Date "2023.02.03"]
[Round "3"]
[White "Igrok"]
[Black "amintabatabaei"]
[Result "1/2-1/2"]
[ECO "D38"]
[WhiteElo "2520"]
[BlackElo "2642"]
[Annotator "TA"]
[PlyCount "133"]
[EventDate "2023.02.03"]
[EventType "swiss"]
[EventCountry "NET"]
[SourceTitle "playchess.com"]
[Source "ChessBase"]
[SourceQuality "1"]
[TimeControl "600+2"]

1. d4 Nf6 2. c4 e6 3. Nc3 d5 4. cxd5 exd5 5. Bg5 Bb4 6. e3 h6 7. Bxf6 Qxf6 8. Qa4+ Nc6 9. Rc1 O-O 10. Nf3 Rd8 11. Bb5 {[%emt 0:00:40] D38: Queen's Gambit Declined: Ragozin Defence (4 Nf3 Bb4).} Bf8 12. Bxc6 bxc6 13. O-O {[%emt 0:00:02] [#] Black has an edge.} Bd6 $146 (13... Rb8 $11) ({Predecessor:} 13... a5 14. Nb1 Ra6 15. Nbd2 Bf5 16. Ne5 Rb8 17. e4 dxe4 18. Rxc6 Rxc6 19. Nxc6 Bd7 20. d5 Bxc6 21. dxc6 Qxb2 22. Nb3 Bb4 23. g3 e3 24. fxe3 Qe2 {0-1 Formanek,E (2350)-Braga,F (2470) Christmas Congress 1985/86-61 Premier (7)}) 14. Ne5 $14 Bb7 15. f4 (15. Nd3 {seems wilder.} Qg6 16. Nc5 Qh5 17. h3) 15... c5 16. Qa5 (16. Nc6 $5 ) 16... Qe7 17. Rfe1 f6 18. Nd3 {[%emt 0:00:28][%cal Rd4c5] A dynamic duo of knights.} c4 19. Nc5 Bxc5 20. dxc5 (20. Qxc5 $11 {should be considered.} Qxc5 21. dxc5) 20... c6 (20... Rab8 $15) 21. b3 (21. e4 $5 Qd7 22. Rcd1 $11) 21... cxb3 22. axb3 Bc8 23. b4 Bf5 24. Qa3 Bd3 25. Rcd1 Bc4 26. Ne2 Bxe2 27. Rxe2 Kh8 28. Rd4 Qb7 29. Qa5 Re8 30. Kf2 Re7 31. Ra2 Rae8 32. Ra3 Qd7 33. Qa4 Qg4 34. Qxc6 Qh4+ 35. Ke2 Qxh2 36. Qxd5 {[%emt 0:00:02] Active counter play!} Qg1 37. Rdd3 Re4 38. Kf3 g5 $2 (38... Qf1+ $11 39. Kg3 a5) 39. Qf5 $2 (39. Qxe4 $18 Rxe4 40. Kxe4 Qxg2+ 41. Kf5) 39... Qf1+ $2 (39... R4e6 $1 $11 {and Black has nothing to worry.}) 40. Kg3 $18 Qe1+ 41. Kh2 Qh4+ 42. Qh3 Qxh3+ 43. Kxh3 gxf4 $2 (43... Rxb4 {was called for.} 44. Rac3 (44. Rxa7 gxf4 45. exf4 Rc4 $18) 44... Rb7) 44. exf4 (44. Rxa7 fxe3 45. Rdd7 Rxb4 $11) 44... Rxb4 {[%emt 0:00:01][%mdl 4096] Endgame KRR-KRR} 45. c6 (45. Rxa7 Rc4 46. Rd6 Rxc5 47. Rxf6 Rh5+ 48. Kg4 Rh1 $18) 45... Rc4 46. Rac3 ({Not} 46. Rxa7 Rxc6 47. Rdd7 f5 $16) 46... Rxc3 47. Rxc3 {[%emt 0:00:00] [#] Kg4 is the strong threat. KR-KR} f5 48. g4 (48. Kh4 $16) 48... Kg7 $11 {[%emt 0:00:07] The position is equal.} 49. Rc5 ({Don't take} 49. gxf5 a5 $14) ({Resist} 49. c7 Rc8 $14) 49... fxg4+ 50. Kxg4 Kf6 51. c7 Rc8 52. f5 a5 53. Kf4 a4 54. Rc6+ Ke7 55. Ke5 a3 56. Rxh6 a2 57. Ra6 {[%emt 0:00:03] [#] Strongly threatening f6+.} Rxc7 58. Rxa2 Rc5+ 59. Kf4 Rc6 60. Kg5 {[%emt 0:00:02][%cal Of5f6] And now f6+! would win.} Kf7 61. Re2 Rb6 62. Ra2 Rc6 63. Ra7+ Kf8 64. Rb7 Ra6 65. Rc7 Rb6 66. f6 Rb1 67. Rc8+ {[%emt 0:00:03] Black escapes into a draw.   Weighted Error Value: White=0.23 (precise) /Black=0.15 (very precise)} 1/2-1/2